 Dungeon Crawl Stone Soup version 0.29.0-15-g675c0067aa (webtiles) character file.

Game seed: 7034904439448187075

2128 Strat the Grappler (level 9, -4/43 (47) HPs)
             Began as a Vine Stalker Gladiator on Sept 11, 2022.
             Slain by a wight
             ... wielding a +4 short sword of electrocution
              (13 damage)
             ... on level 7 of the Dungeon.
             The game lasted 00:21:59 (8046 turns).

Strat the Grappler (Vine Stalker Gladiator)         Turns: 8046, Time: 00:22:01

HP:   -4/43 (47)    AC:  9    Str: 22    XL:     9   Next: 29%
MP:   0/10          EV: 11    Int:  8    God:
Gold: 367           SH:  5    Dex: 15    Spells: 8/8 levels left

rFire   . . .      SeeInvis .     - Unarmed
rCold   . . .      Faith    .   v - +2 buckler {reflect}
rNeg    . . .      Spirit   +   l - +0 ring mail
rPois   +          Reflect  +   b - +0 helmet
rElec   .          Harm     .   y - +0 cloak
rCorr   .          Rampage  .   h - +0 pair of gloves
Will    +....                   (no boots)
Stlth   +.........              (no amulet)
HPRegen 0.94/turn               s - ring of poison resistance
MPRegen 0.12/turn               (no ring)

@: about to teleport, drained
A: fangs 3, regeneration 1, magic shield, antimagic bite, no potion heal 2
a: no special abilities


You were on level 7 of the Dungeon.
You visited 2 branches of the dungeon, and saw 8 of its levels.
You also visited: Sewer.

You collected 464 gold pieces.
You spent 97 gold pieces at shops.

Inventory:

Missiles
 c - 5 throwing nets (quivered)
 d - a javelin
Armour
 a - a +0 leather armour
 b - a +0 helmet (worn)
 h - a +0 pair of gloves (worn)
 l - a +0 ring mail (worn)
 v - a +2 buckler of reflection (worn)
 x - a scarf of resistance
 y - a +0 cloak (worn)
Jewellery
 g - a +6 ring of dexterity
 s - a ring of poison resistance (left hand)
Scrolls
 j - 6 scrolls of teleportation
 k - a scroll of identify
 w - a scroll of fear
Potions
 e - a potion of invisibility
 f - 2 potions of might
 i - 2 potions of haste
 m - 4 potions of attraction
 n - a potion of curing
 o - a potion of magic
 p - a potion of resistance {unknown}
 q - a potion of cancellation
 r - a potion of lignification
 t - 4 potions of flight
 u - 2 potions of brilliance


   Skills:
 - Level 5.0 Fighting
 - Level 1.7 Throwing
 + Level 4.2 Armour
 - Level 2.4 Dodging
 + Level 0.0 Shields
 + Level 10.0 Unarmed Combat


You had 8 spell levels left.
You didn't know any spells.
Your spell library contained the following spells:

 Spells                   Type           Power      Damage    Failure   Level
 Shock                    Conj/Air       0%         1d3       67%         1
 Sting                    Tmut/Pois      0%         1d3       67%         1
 Summon Small Mammal      Summ           0%         N/A       67%         1
 Poisonous Vapours        Pois/Air       0%         N/A       80%         2
 Call Canine Familiar     Summ           0%         N/A       95%         3
 Summon Guardian Golem    Hex/Summ       0%         N/A       95%         3
 Swiftness                Air            0%         N/A       95%         3
 Airstrike                Air            0%         2d(0-16)  100%        4
 Olgreb's Toxic Radiance  Pois           0%         N/A       100%        4


Dungeon Overview and Level Annotations

Branches:
Dungeon (7/15)             Temple (1/1) D:5           Sewer (visited)

Altars:
Ashenzari
Cheibriados
Dithmenos
Elyvilon
Fedhas
Gozag
Hepliaklqana
Makhleb
Nemelex Xobeh
Okawaru
Sif Muna
Vehumet
Wu Jian
Xom
Yredelemnul
The Shining One

Shops:
D:4 *   D:7 *:(

Annotations:
D:2 Natasha, Robin, Sigmund
D:7 3 runed translucent doors, Joseph; SnakkuSnakku7's ghost, novice DjHu


Innate Abilities, Weirdness & Mutations

You have razor-sharp teeth.
Your natural rate of healing is unusually fast.
When hurt, damage is shared between your health and your magic reserves.
Your bite disrupts and absorbs the magic of your enemies.
Potions cannot restore your health.


Message History

You punch the killer bee! You bite the killer bee.
You kill the killer bee!
Things that are here:
a +0 shortbow; a killer bee corpse
Things that are here:
a +0 shortbow; a killer bee corpse
There is a stone staircase leading up here.
You start resting.
HP restored.
Magic restored.
Things that are here:
a +0 shortbow; a killer bee corpse
Things that are here:
a +0 shortbow; a killer bee corpse
Found a stone staircase leading down. 3 wights come into view.
A wight is wielding a +4 short sword of electrocution.
The wight attacks as you move away!
The wight hits you with a +4 short sword of electrocution!
You feel drained.
You are electrocuted!
* * * LOW HITPOINT WARNING * * *
The wight attacks as you move away! The wight misses you.
Okay, then.
You punch the wight! You bite the wight. You drain its power.
You feel invigorated.
The wight is severely damaged.
The wight hits you with a +4 short sword of electrocution.
* * * LOW HITPOINT WARNING * * *
You feel drained.
* * * LOW HITPOINT WARNING * * *
You are electrocuted!
* * * LOW HITPOINT WARNING * * *
As you read the scroll of teleportation, it crumbles to dust.
You feel strangely unstable.
The wight hits you with a +4 short sword of electrocution.
* * * LOW HITPOINT WARNING * * *
You feel drained.
* * * LOW HITPOINT WARNING * * *
You are electrocuted!
You die...

### #######z.
#..@zz#z#
###########.###z#.###
#...........# #.....#
#.########..# #.#.#.#
#.# #.......#... #.#
#....>######.# ####.#
##...## .# .....#
##.## # .##### #.#


You could see 3 wights.

Vanquished Creatures
  2 ice beasts
  An ogre (D:5)
  A centaur (D:7)
  3 phantoms
  Blork the orc (D:6)
  A bullfrog (D:6)
  A necrophage (D:4)
  2 scorpions
  A gnoll sergeant (D:6)
  8 killer bees
  A howler monkey (D:5)
  A gnoll bouda (D:6)
  3 jellies
  2 hounds
  2 iguanas
  An orc wizard (D:6)
  A scorpion zombie (D:5)
  A howler monkey zombie (D:5)
  15 gnolls
  15 adders
  8 river rats
  2 white imps (D:6)
  5 worms
  4 dart slugs
  10 orcs
  11 bats
  15 endoplasms
  7 giant cockroaches
  9 goblins
  12 hobgoblins
  14 jackals
  7 kobolds
  7 quokkas
  12 ball pythons
  4 frilled lizards
  5 rats
195 creatures vanquished.

Vanquished Creatures (others)
  A goblin (D:2)
  64 plants (D:5)
65 creatures vanquished.

Grand Total: 260 creatures vanquished

Notes
Turn   | Place    | Note
-------+----------+-------------------------------------------
     0 | D:1      | Strat the Vine Stalker Gladiator began the quest for the
                  | Orb.
     0 | D:1      | Reached XP level 1. HP: 11/11 MP: 2/2
   121 | D:1      | Reached XP level 2. HP: 14/15 MP: 3/3
   656 | D:1      | Found a faded altar of an unknown god.
  1072 | D:1      | Reached XP level 3. HP: 15/18 MP: 4/4
  1456 | D:2      | Reached skill level 4 in Unarmed Combat
  1532 | D:2      | Noticed Sigmund
  1870 | D:1      | Gained mutation: Your natural rate of healing is unusually
                  | fast. [Vine Stalker growth]
  1870 | D:1      | Reached XP level 4. HP: 20/23 MP: 3/5
  2156 | D:2      | Noticed Robin
  2225 | D:2      | Noticed Natasha
  2570 | D:3      | Found a glowing drain.
  2587 | D:3      | Reached XP level 5. HP: 28/28 MP: 6/6
  3014 | Sewer    | Entered a sewer
  3022 | Sewer    | Reached skill level 5 in Unarmed Combat
  3549 | Sewer    | Reached XP level 6. HP: 32/32 MP: 7/7
  3819 | D:4      | Found Myinoep's Neck Hole.
  3825 | D:4      | Bought a +0 cloak for 45 gold pieces
  3825 | D:4      | Upgraded the game from 0.29.0-13-gc9e81de378 to
                  | 0.29.0-15-g675c0067aa
  3853 | D:4      | Found a shadowy altar of Dithmenos.
  3902 | D:4      | Reached skill level 6 in Unarmed Combat
  3997 | D:4      | Found a broken altar of Ashenzari.
  4001 | D:4      | Noticed an ice beast
  4263 | D:4      | Found a hazy altar of Hepliaklqana.
  4265 | D:4      | Found a sparkling altar of Nemelex Xobeh.
  4395 | D:4      | Found an ornate altar of the Wu Jian Council.
  4395 | D:4      | Found a white marble altar of Elyvilon.
  4396 | D:4      | Found a burning altar of Makhleb.
  4689 | D:5      | Entered Level 5 of the Dungeon
  4711 | D:4      | Reached skill level 7 in Unarmed Combat
  4894 | D:5      | Reached XP level 7. HP: 31/36 MP: 8/8
  5071 | D:5      | Found a staircase to the Ecumenical Temple.
  5285 | D:5      | Reached skill level 1 in Armour
  5371 | Temple   | Entered the Ecumenical Temple
  5371 | Temple   | Found a transporter.
  5371 | Temple   | Found a transporter.
  5373 | Temple   | Found a transporter.
  5373 | Temple   | Found a transporter.
  5453 | D:5      | Found a basalt altar of Yredelemnul.
  5511 | D:5      | Reached skill level 8 in Unarmed Combat
  5511 | D:5      | Gained mutation: You have razor-sharp teeth. [Vine Stalker
                  | growth]
  5511 | D:5      | Reached XP level 8. HP: 42/42 MP: 9/9
  5949 | D:5      | Found a basalt altar of Yredelemnul.
  6360 | D:6      | Noticed Blork the orc
  6399 | D:5      | Reached skill level 9 in Unarmed Combat
  6762 | D:6      | Found a blossoming altar of Fedhas.
  7033 | D:6      | Reached XP level 9. HP: 46/46 MP: 8/10
  7222 | D:6      | Killed Blork the orc
  7223 | D:6      | Reached skill level 5 in Fighting
  7424 | D:7      | Found Semapt's Book Shoppe.
  7599 | D:7      | Found a runed translucent gate.
  7600 | D:7      | Noticed SnakkuSnakku7's ghost (novice DjHu)
  7600 | D:7      | Found a runed translucent gate.
  7601 | D:7      | Found a runed translucent gate.
  7604 | D:7      | Identified the +0 plate armour "Nustri Neania" {Will+
                  | Stlth+}
  7706 | D:7      | Found Jeurgh's General Store.
  7716 | D:7      | Bought a scroll of fear for 52 gold pieces
  7724 | D:7      | Noticed Joseph
  7901 | D:7      | Found Viys's Weapon Emporium.
  7960 | D:7      | Reached skill level 10 in Unarmed Combat
  8046 | D:7      | Slain by a wight

Illustrated notes

Levels and vault maps discovered:
D:1:      erik_arrival_orb_chamber, layout_basic,
          hellmonk_ecumenical_altar_run_dry, nicolae_kite_square_tiling_tiny
D:2:      layout_rooms, serial_rivers, chequers_serial_rivers_micro_c,
          chequers_serial_rivers_micro_a, chequers_serial_rivers_large_b,
          chequers_serial_rivers_large_a, chequers_serial_rivers_micro_d,
          minmay_misc_feat_tiny, cheibrodos_gnoll_hut, uniq_robin, uniq_sigmund,
          uniq_natasha
D:3:      layout_rooms, portal_sewer_entry_f, kennysheep_generic_room_7
D:4:      layout_loops_ring, lemuel_doored_altar, mainiacjoe_overflow_chevrons,
          nicolae_overflow_hidden_temple, minmay_misc_feat_pillars,
          nicolae_shop_sticking_my_neck_out
D:5:      wad_woods_stonehenge, layout_cave_pools,
          lemuel_zombie_altar_yredelemnul, minmay_temple_entry_mist,
          minmay_misc_feat_room, roderic_lattice_a, minmay_crystal_room
D:6:      layout_loops_ring, mainiacjoe_overflow_alcove_4,
          hellmonk_bongcloud_opening, uniq_blork_the_orc
D:7:      layout_loops_corners, serial_shops, nicolae_shop_crystal,
          nicolae_shop_crystal, nicolae_shop_hallway_plus,
          nicolae_inconvenience_store, biasface_ghost_orc_armoury, uniq_joseph
Temple:   hellmonk_temple_divided_pantheon

Skill      XL: |  1  2  3  4  5  6  7  8  9 |
---------------+----------------------------+-----
Fighting       | 2 3 4 5 |  5.0
Unarmed Combat | 4 5 7 8 9 10 | 10.0
Armour         | 1 3 4 |  4.2
Throwing       | |  1.7
Dodging        | |  2.4

Action                   |  1- 3 |  4- 6 |  7- 9 || total
-------------------------+-------+-------+-------++-------
Melee: Unarmed           |   107 |   264 |   231 ||   602
       Bite              |    19 |    65 |    68 ||   152
       Punch             |       |    14 |     9 ||    23
Evoke: Wand              |       |       |     6 ||     6
  Use: Potion            |       |     5 |       ||     5
       Scroll            |       |    11 |     4 ||    15
 Stab: Sleeping          |     1 |       |       ||     1
       Paralysed         |       |       |    13 ||    13
Armor: Leather armour    |    25 |       |       ||    25
       Ring mail         |    12 |   141 |    60 ||   213
Dodge: Dodged            |    62 |   185 |   126 ||   373
Block: Buckler           |       |       |     2 ||     2
       Reflection        |       |       |     1 ||     1
